 Dungeon Crawl Stone Soup version 0.30-b1-2-g02819fbbbe (webtiles) character file.

Game seed: 1551351502511408858

1237 Arcadio the Trooper (level 8, -3/62 HPs)
             Began as a Djinni Fire Elementalist on May 17, 2023.
             Slain by an iguana (7 damage)
             ... on level 5 of the Dungeon.
             The game lasted 00:09:50 (5021 turns).

Arcadio the Trooper (Djinni Fire Elementalist)      Turns: 5021, Time: 00:09:52

Health: -3/62      AC:  5    Str:  7    XL:     8   Next: 78%
Gold:   256        EV: 12    Int: 18    God:
                   SH:  0    Dex: 15

rFire   + + .        d - +4 short sword (elec)
rCold   x . .        (no shield)
rNeg    . . .        a - +0 robe
rPois   ∞            p - +2 hat
rElec   .            t - +0 cloak
rCorr   .            (no gloves)
SInv    .            (boots unavailable)
Will    .....        (no amulet)
Stlth   ++           (no ring)
HPRegen 0.30/turn    (no ring)
MPRegen 0.00/turn

%: infuse magic (-4 HP)
@: flying
A: sickness immunity, fire resistance 2, cold vulnerability 1, float, innate
caster, HP casting, extra vitality 1
a: no special abilities


You were on level 5 of the Dungeon.
You visited 1 branch of the dungeon, and saw 5 of its levels.

You collected 256 gold pieces.

Inventory:

Hand Weapons
 c - a +0 dagger
 d - a +4 short sword of electrocution (weapon)
 n - a +1 dagger of protection
Armour
 a - a +0 robe (worn)
 p - a +2 hat (worn)
 r - the +9 scales of the Dragon King {rPois rF+ rC+ Will+}
   (You found it on level 5 of the Dungeon)

   rF:        It protects you from fire.
   rC:        It protects you from cold.
   rPois:     It protects you from poison.
   Will:      It increases your willpower.
 t - a +0 cloak (worn)
Jewellery
 j - a ring of fire
Wands
 e - a wand of mindburst (7)
Scrolls
 b - 4 scrolls of fear
 f - 2 scrolls of amnesia
 h - 6 scrolls of teleportation
 k - a scroll of magic mapping
 m - a scroll of torment {unknown}
 o - a scroll of poison {unknown}
 s - a scroll of enchant armour {unknown}
Potions
 i - 3 potions of flight
 l - a potion of invisibility
 q - a potion of haste {unknown}


   Skills:
 + Level 6.9 Fighting
 + Level 2.3 Dodging
 - Level 1.5 Stealth
 + Level 5.9 Spellcasting


You knew the following spells:

 Your Spells              Type           Power      Damage    Failure   Level
a - Foxfire               Conj/Fire      100%       2x1d9     1%          1
b - Scorch                Fire           52%        2d7       1%          2
c - Volatile Blastmotes   Fire/Tloc      52%        2d14      3%          3
d - Inner Flame           Hex/Fire       26%        N/A       3%          3
e - Flame Wave            Conj/Fire      26%        2d8       11%         4
f - Magic Dart            Conj           100%       1d8       1%          1
g - Poisonous Vapours     Pois/Air       52%        N/A       1%          2
h - Dazzling Flash        Conj/Hex       52%        N/A       3%          3
Your spell library was empty.

Dungeon Overview and Level Annotations

Branches:
Dungeon (5/15) Zot: 24976
 Temple: D:4-7

Altars:
Elyvilon
Fedhas
Trog

Shops:
D:2 :   D:3 [


Innate Abilities, Weirdness & Mutations

You are immune to sickness and miasma.
You are immune to poison.
Your flesh is very heat resistant. (rF++)
You are vulnerable to cold. (rC-)
You float through the air rather than walking.
You learn spells naturally, not from books.
Your magical power is your life essence.
You have superior vitality. (+4 MHP)


Message History

Confirm with . or Enter, or press ? or * to list all spells.
Flames lash the iguana.
The iguana is burned terribly!
You kill the iguana!
* * * LOW HITPOINT WARNING * * *
The iguana is no longer more vulnerable to fire.
The iguana bites you.
* * * LOW HITPOINT WARNING * * *
Casting: Scorch (safe; 1% risk of failure)
Confirm with . or Enter, or press ? or * to list all spells.
Flames lash the iguana but do no damage.
* * * LOW HITPOINT WARNING * * *
The iguana closely misses you.
Casting: Scorch (safe; 1% risk of failure)
Confirm with . or Enter, or press ? or * to list all spells.
Flames lash the iguana.
The iguana is severely wounded.
The iguana's fire resistance burns away.
* * * LOW HITPOINT WARNING * * *
The iguana closely misses you.
You feel better. The iguana bites you.
* * * LOW HITPOINT WARNING * * *
Casting: Scorch (safe; 1% risk of failure)
Confirm with . or Enter, or press ? or * to list all spells.
You conjure some foxfire!
* * * LOW HITPOINT WARNING * * *
The iguana bites you.
* * * LOW HITPOINT WARNING * * *
Your foxfire dissipates!
The iguana attacks as you move away! The iguana closely misses you.
The iguana is no longer more vulnerable to fire.
You feel better. The iguana bites you.
* * * LOW HITPOINT WARNING * * *
Casting: Foxfire (safe; 1% risk of failure)
Confirm with . or Enter, or press ? or * to list all spells.
Flames lash the iguana.
The iguana is severely wounded.
The iguana's fire resistance burns away.
* * * LOW HITPOINT WARNING * * *
The iguana bites you!
You die...

.#[#.. #l#f.. .#...#.
.#...#. ....... .......
#.###### ...#...#...#.h.
#......# ..#$#...#?#...#
######.# .#...#...#...#.
#....... .........h...o.
#.####.#
.........#################.#
#.#
#######..#.....l@........#.#
#.# #..#.######........#.#
#.# #l##.#
#...........#.####.# #l)†.#
#.###.......#.#....# ######
#.# #.......#.#.#### #.#
###.###.#.#.##.# #.# #.#
#.#.#....# #.# #.#
#.#.##...# #.# #.#
#.#.##.###


You could see an iguana (combustible).

Vanquished Creatures
  Duvessa (D:4)
  A sky beast (D:4)
  An ice beast (D:2)
  2 ogres
  A phantom (D:5)
  A bullfrog (D:5)
  A scorpion (D:5)
  Dowan (D:4)
  6 hounds
  Crazy Yiuf (D:4)
  A sleepcap (D:4)
  2 iguanas
  7 gnolls
  10 adders
  A shadow imp (D:4)
  An ufetubus (D:5)
  A worm (D:4)
  3 dart slugs
  4 orcs
  7 bats
  4 endoplasms
  3 giant cockroaches (D:4)
  8 goblins
  7 hobgoblins
  A jackal (D:5)
  4 quokkas
  6 ball pythons
  3 frilled lizards
  6 kobolds
  7 rats
102 creatures vanquished.

Vanquished Creatures (others)
  189 foxfires
189 creatures vanquished.

Grand Total: 291 creatures vanquished

Notes
Turn   | Place    | Note
-------+----------+-------------------------------------------
     0 | D:1      | Arcadio the Djinni Fire Elementalist began the quest for
                  | the Orb.
     0 | D:1      | Arcadio set off with the following spells memorised:
                  | Foxfire, Scorch, Volatile Blastmotes, Inner Flame, Flame
                  | Wave.
     0 | D:1      | Reached XP level 1. HP: 15/15 MP: 0/0
   199 | D:1      | Reached skill level 1 in Fighting
   199 | D:1      | Reached XP level 2. HP: 21/22 MP: 0/0
   563 | D:1      | Reached XP level 3. HP: 27/27 MP: 0/0
   563 | D:1      | Learned a level 1 spell: Magic Dart
   647 | D:2      | Reached skill level 2 in Fighting
   764 | D:2      | Reached XP level 4. HP: 28/34 MP: 0/0
   925 | D:2      | Found Ifuv's Book Boutique.
  1058 | D:2      | Reached XP level 5. HP: 39/40 MP: 0/0
  1058 | D:2      | Learned a level 2 spell: Poisonous Vapours
  1504 | D:3      | Found Viguffef's Armour Boutique.
  1568 | D:3      | Reached skill level 3 in Fighting
  1640 | D:3      | Found a white marble altar of Elyvilon.
  1707 | D:3      | Found a blossoming altar of Fedhas.
  1895 | D:3      | Noticed an ice beast
  1906 | D:2      | Killed an ice beast
  1907 | D:2      | Reached skill level 4 in Fighting
  1907 | D:2      | Reached XP level 6. HP: 17/47 MP: 0/0
  2922 | D:4      | Found a bloodstained altar of Trog.
  2926 | D:4      | Noticed Dowan
  2927 | D:4      | Noticed Duvessa
  2969 | D:4      | Killed Duvessa
  2970 | D:4      | Reached XP level 7. HP: 48/53 MP: 0/0
  2970 | D:4      | Learned a level 3 spell: Dazzling Flash
  2981 | D:4      | Killed Dowan
  3073 | D:4      | Reached skill level 5 in Fighting
  3672 | D:4      | Reached skill level 5 in Spellcasting
  3956 | D:4      | Found a runed translucent door.
  3957 | D:4      | Noticed Crazy Yiuf
  4106 | D:4      | Reached XP level 8. HP: 16/60 MP: 0/0
  4609 | D:4      | Killed Crazy Yiuf
  4709 | D:5      | Entered Level 5 of the Dungeon
  4826 | D:5      | Found the +9 scales of the Dragon King {rPois rF+ rC+
                  | Will+}
  4870 | D:5      | Reached skill level 6 in Fighting
  5018 | D:5      | HP: 2/62 [iguana (5)]
  5021 | D:5      | Slain by an iguana

Illustrated notes

Levels and vault maps discovered:
D:1:      spicycebolla_arrival_ecumenical, layout_loops_cross
D:2:      minmay_door_path, layout_loops_ring, serial_shops,
          nicolae_shop_rolling_square, nicolae_kite_square_tiling_tiny
D:3:      layout_basic, mainiacjoe_overflow_chevrons, elyvilon_altar_5,
          serial_shops, nicolae_lakefront_shop, minmay_mini_jars
D:4:      layout_layer_cave, mainiacjoe_overflow_boulevard, serial_forest,
          infiniplex_forest_end_1, infiniplex_forest_clump_diagonal,
          infiniplex_forest_pool, infiniplex_forest_lined_3,
          infiniplex_forest_lined_3, infiniplex_forest_straight_2,
          hangedman_decor_riveting, chequers_serial_rivers_micro_d,
          minmay_misc_feat_room, uniq_crazy_yiuf_cottage, uniq_duvessa
D:5:      cheibrodos_fzero, layout_basic, okawaru_altar_gauntlet_db,
          minmay_fractal_squares_5

Skill      XL: |  1  2  3  4  5  6  7  8 |
---------------+-------------------------+-----
Fighting       | 1 2 4 5 6 |  6.9
Spellcasting   | 3 4 5 |  5.9
Dodging        | |  2.3
Stealth        | |  1.5

Action                     |  1- 3 |  4- 6 |  7- 9 || total
---------------------------+-------+-------+-------++-------
  Melee: Dagger            |       |     8 |       ||     8
         Short sword       |       |       |    21 ||    21
   Cast: Foxfire           |    39 |    50 |    26 ||   115
         Scorch            |     2 |    26 |    54 ||    82
         Poisonous Vapours |       |     4 |       ||     4
         Volatile Blastmot |       |       |     1 ||     1
    Use: Scroll            |       |     7 |     1 ||     8
         Potion            |       |       |     2 ||     2
 Armour: Robe              |     2 |     6 |     9 ||    17
  Dodge: Dodged            |     2 |    21 |    57 ||    80
